 Dungeon Crawl Stone Soup version 0.29-a0-520-gc852659d43 (webtiles) character file.

Game seed: 14132629194837208764

32 xian the Magician (level 3, 0/27 HPs)
             Began as a Palentonga Wanderer on May 31, 2022.
             Frozen to death by an endoplasm (5 damage)
             ... on level 1 of the Dungeon.
             The game lasted 00:04:05 (1088 turns).

xian the Magician (Palentonga Wanderer)             Turns: 1088, Time: 00:04:05

Health: 0/27       AC:  5    Str: 12    XL:     3   Next: 10%
Magic:  9/9        EV:  9    Int: 17    God:
Gold:   53         SH:  0    Dex:  9    Spells: 9/11 levels left

rFire   . . .      SeeInvis +   a - +0 club
rCold   . . .      Faith    .   (no shield)
rNeg    . . .      Spirit   .   c - +0 robe
rPois   .          Reflect  .   d - +0 helmet
rElec   .          Harm     .   (no cloak)
rCorr   .          Rampage  .   (no gloves)
Will    .....                   (no barding)
Stlth   +.........              (no amulet)
HPRegen 0.09/turn               (no ring)
MPRegen 0.11/turn               (no ring)

@: no status effects
A: large, rugged brown scales 3, see invisible, deformed body, roll 1, armoured
tail
a: Rolling Charge


You were on level 1 of the Dungeon.
You visited 1 branch of the dungeon, and saw 2 of its levels.

You collected 53 gold pieces.

Inventory:

Hand Weapons
 a - a +0 club (weapon)
Missiles
 g - 6 poisoned darts
Armour
 c - a +0 robe (worn)
 d - a +0 helmet (worn)
Scrolls
 h - a scroll of poison {unknown}
 i - a scroll of magic mapping {unknown}
Potions
 b - a potion of curing
 e - a potion of invisibility {unknown}
 f - a potion of ambrosia {unknown}


   Skills:
 + Level 1.0 Fighting
 + Level 0.6 Maces & Flails
 + Level 1.0 Armour
 + Level 0.4 Dodging
 + Level 1.3 Stealth
 + Level 4.5 Spellcasting
 + Level 1.7 Ice Magic


You had 9 spell levels left.
You knew the following spells:

 Your Spells              Type           Power      Damage    Failure   Level
a - Freeze                Ice            36%        1d6       8%          1
b - Slow                  Hex            12%        N/A       16%         1

Your spell library contained the following spells:

 Spells                   Type           Power      Damage    Failure   Level
 Summon Guardian Golem    Hex/Summ       3%         N/A       41%         3
 Hailstorm                Conj/Ice       6%         3d4       71%         4
 Ice Form                 Ice/Tmut       6%         N/A       71%         4
 Summon Forest            Summ/Tloc      1%         N/A       99%         5
 Summon Mana Viper        Hex/Summ       3%         N/A       99%         5
 Summon Cactus Giant      Summ           1%         N/A       100%        6


Dungeon Overview and Level Annotations

Branches:
Dungeon (2/15)

Altars:


Innate Abilities, Weirdness & Mutations

You are completely covered in rugged brown scales. (AC +3, +7% HP)
You have supernaturally acute eyesight. (SInv)
Armour fits poorly on your strangely shaped body.
You can roll at nearby foes to attack.
You have a long armoured tail.


Message History

The endoplasm hits you but does no damage.
The goblin attacks as you move away! The goblin hits you with a +0 dagger.
The endoplasm barely misses you.
You roll forward with a clatter of scales!
You barely miss the endoplasm. You tail-slap the endoplasm.
The endoplasm is severely wounded.
The endoplasm hits you but does no damage.
The goblin barely misses you.
You hit the endoplasm but do no damage. You tail-slap the endoplasm.
You kill the endoplasm!
The goblin hits you with a +0 dagger.
The endoplasm hits you but does no damage.
The endoplasm closely misses you. The goblin hits you but does no damage.
The endoplasm closely misses you. The endoplasm freezes you.
You are frozen.
The goblin attacks as you move away! The goblin hits you but does no damage.
The endoplasm attacks as you move away! The endoplasm hits you.
You hit the goblin. You tail-slap the goblin.
You kill the goblin!
You hit the endoplasm but do no damage. You tail-slap the endoplasm.
The endoplasm is lightly wounded.
The endoplasm freezes you.
You are frozen.
The endoplasm hits you.
You hit the endoplasm.
The endoplasm is heavily wounded.
The endoplasm barely misses you. The endoplasm freezes you.
You are frozen.
* * * LOW HITPOINT WARNING * * *
You hit the endoplasm.
The endoplasm is almost dead.
The endoplasm hits you but does no damage.
The endoplasm freezes you.
You are frozen.
* * * LOW HITPOINT WARNING * * *
A dart slug comes into view.
The endoplasm freezes you.
You are frozen.
You die...

#. #. #######. # #.
#....... #. #.
##########.#####. ... #.
##........).#####.
..##.##...........†.....
..................###...
.#.#.#.#.#.#........###.##
.........@J..............
..#.#.#.#J#........####.#.
.......J........## #.#.
..###.##....####.## #.# ##
## #>.......... ...
.........####.###
####.....# .# #....w#
....###.


You could see a dart slug and 3 endoplasms.

Vanquished Creatures
  An adder (D:1)
  2 endoplasms (D:1)
  3 goblins (D:1)
  A hobgoblin (D:2)
  2 jackals (D:2)
  A kobold (D:1)
  A quokka (D:1)
  A ball python (D:1)
  6 bats
  4 rats
22 creatures vanquished.

Notes
Turn   | Place    | Note
-------+----------+-------------------------------------------
     0 | D:1      | xian the Palentonga Wanderer began the quest for the Orb.
     0 | D:1      | xian set off with the following items: a +0 club, a potion
                  | of curing, a +0 robe, a +0 helmet; and the following spells
                  | available to memorise: Freeze, Slow, Summon Guardian Golem,
                  | Hailstorm, Ice Form
     0 | D:1      | Reached XP level 1. HP: 16/16 MP: 5/5
    16 | D:1      | Learned a level 1 spell: Freeze
    18 | D:1      | Learned a level 1 spell: Slow
   283 | D:1      | Reached XP level 2. HP: 8/22 MP: 7/7
   535 | D:1      | You fall into a shaft and drop 1 floor!
  1074 | D:1      | Reached XP level 3. HP: 27/27 MP: 9/9
  1088 | D:1      | Frozen to death by an endoplasm

Illustrated notes

Levels and vault maps discovered:
D:1:      lemuel_arrival_hallway, layout_basic, serial_curves, eino_curves_04,
          eino_curves_02, minmay_misc_feat_pillars
D:2:      layout_loops_ring, hellmonk_ecumenical_altar_leap_of_faith

Action                   || total
-------------------------++-------
Melee: Club              ||    63
       Tailslap          ||     8
 Cast: Freeze            ||     9
 Abil: Rolling Charge    ||    10
  Use: Potion            ||     1
Armor: Robe              ||    60
Dodge: Dodged            ||    52

Table legend: (Time is in decaauts)
 A = Elapsed time spent in this place.
 B = Non-inter-level travel time spent in this place.
 C = Inter-level travel time spent in this place.
 D = Time resting spent in this place.
 E = Time spent auto-exploring this place.
 F = Levels seen in this place.
 G = Mean time per level.
                   A        B        C        D        E       F      G
               +--------+--------+--------+--------+--------+-----+--------+
         Total |   1106 |   1106 |      0 |     54 |    764 |   2 |  553.0 |
       Dungeon |   1106 |   1106 |      0 |     54 |    764 |   2 |  553.0 |
               +--------+--------+--------+--------+--------+-----+--------+

Top non-repeatable levels by time:
     D:1: 828 daAuts
     D:2: 277 daAuts
